cohdb
Replays
Latest Replays
All Replays
Popular Replays
Top Player Replays
Match Explorer
How It Works
Community
CoH3 Stats
Reddit
Sign in to upload your games and track your stats! →
Sign in with Steam
Creeping AT guns
Match 41314614
Overview
Messages
Build Orders
End
Construct Barracks
Selects Advanced Infantry Battlegroup
Riflemen Squad
Riflemen Squad
Mechanized Support Center
Selects Convert to Ranger Squad
Convert to Ranger Squad
M1918 Browning Automatic Rifles
Ranger Squad
Engineer Squad
Selects Frontline Medical Station
Frontline Medical Station
Convert to Ranger Squad
Selects Infantry Assault
Construct Tank Depot
Improvised Armor
Riflemen Squad
Convert to Ranger Squad
Selects Artillery Observers
M4A1 76mm Conversion
Designate Forward Repair Station
M4A1(76) Sherman Medium Tank
Razier
broodwarjc
200
Fleischflinte
MightyMike
Woods92
0
0
Comments
sign in to comment!
No comments posted yet!